 Dungeon Crawl Stone Soup version 0.27-a0-1500-g450c7e4133 (webtiles) character file.

Game seed: 5944739484813414436

12303 quinnr the Stormcaller (level 11, -18/54 HPs)
             Began as a Tengu Air Elementalist on July 7, 2021.
             Was an Elder of Vehumet.
             Killed from afar by an ice dragon (50 damage)
             ... with a blast of cold
             ... on level 10 of the Dungeon on July 8, 2021.
             The game lasted 00:46:54 (20652 turns).

quinnr the Stormcaller (Tengu Air Elementalist)    Turns: 20652, Time: 00:46:56

Health: -18/54     AC:  3    Str:  9    XL:     11   Next: 91%
Magic:  16/24      EV: 16    Int: 19    God:    Vehumet [****..]
Gold:   493        SH: 11    Dex: 14    Spells: 3/26 levels left

rFire    . . .     SeeInvis .   k - staff of death
rCold    . . .     Faith    .   r - +1 buckler
rNeg     + . .     Spirit   .   a - +0 robe
rPois    .         Reflect  +   (helmet restricted)
rElec    .         Harm     .   K - +0 cloak {rCorr}
rCorr    +         Rampage  .   (no gloves)
Will     ++...                  (boots unavailable)
Stlth    ++........             e - amulet of reflection
HPRegen  0.18/turn              i - ring of willpower
MPRegen  0.19/turn              D - ring of willpower

@: flying quickly and evasively, quick
A: beak, talons 3, nimble flight
a: Renounce Religion


You were on level 10 of the Dungeon.
You worshipped Vehumet.
Vehumet was greatly pleased with you.
You visited 2 branches of the dungeon, and saw 12 of its levels.
You also visited: Ossuary.

You collected 493 gold pieces.

Inventory:

Hand Weapons
 c - a +0 dagger of holy wrath
 l - a +3 quarterstaff of speed
 u - a +1 short sword of holy wrath
Armour
 a - a +0 robe (worn)
 r - a +1 buckler (worn)
 K - a +0 cloak of preservation (worn)
Magical Staves
 k - a staff of death (weapon)
Jewellery
 e - an amulet of reflection (around neck)
 i - a ring of willpower (left hand)
 p - a ring of positive energy
 t - a ring of positive energy
 D - a ring of willpower (right hand)
 M - a ring of willpower
Wands
 w - a wand of mindburst (8)
 y - a wand of digging (5)
 J - a wand of polymorph (9)
 L - a wand of paralysis (9)
 O - a wand of iceblast (7)
 P - a wand of flame (15)
Scrolls
 b - 2 scrolls of blinking
 h - 3 scrolls of enchant armour
 j - a scroll of holy word {unknown}
 n - 2 scrolls of amnesia
 o - a scroll of teleportation
 v - a scroll of immolation {unknown}
 x - a scroll of noise
 C - 2 scrolls of vulnerability
 N - a scroll of fog {unknown}
Potions
 d - a potion of ambrosia {unknown}
 f - 2 potions of curing
 g - 3 potions of haste {unknown}
 m - a potion of flight
 q - 5 potions of attraction
 s - 2 potions of magic
 z - 2 potions of might {unknown}
 A - a potion of mutation
 B - 2 potions of degeneration
 E - 3 potions of brilliance {unknown}
 G - a potion of berserk rage {unknown}
 H - a potion of lignification {unknown}
 I - 2 potions of resistance


   Skills:
 - Level 5.0 Dodging
 - Level 2.0 Stealth
 - Level 4.0 Shields
 - Level 8.0 Spellcasting
 - Level 1.3 Conjurations
 - Level 4.0 Translocations
 + Level 16.3 Air Magic
 + Level 5.4 Poison Magic
 - Level 4.0 Evocations


You had 3 spell levels left.
You knew the following spells:

 Your Spells              Type           Power      Damage    Failure   Level
a - Shock                 Conj/Air       100%       1d9       1%          1
b - Airstrike             Air            31%        N/A       1%          4
c - Blink                 Tloc           N/A        N/A       2%          2
d - Mephitic Cloud        Conj/Pois/Air  36%        N/A       1%          3
e - Storm Form            Tmut/Air       19%        N/A       95%         7
f - Poisonous Vapours     Pois/Air       98%        N/A       1%          2
g - Olgreb's Toxic Radia  Pois           28%        N/A       2%          4

Your spell library contained the following spells:

 Spells                   Type           Power      Damage    Failure   Level
 Bolt of Magma            Conj/Fire/Erth 4%         4d5       45%         5
 Static Discharge         Conj/Air       41%        N/A       1%          2
 Swiftness                Air            63%        N/A       1%          3
 Sting                    Tmut/Pois      68%        1d6       3%          1
 Gell's Gravitas          Tloc           11%        N/A       5%          3
 Lesser Beckoning         Tloc           11%        N/A       5%          3
 Teleport Other           Tloc           22%        N/A       5%          3
 Beastly Appendage        Tmut           14%        N/A       9%          1
 Corona                   Hex            7%         N/A       9%          1
 Spider Form              Tmut/Pois      8%         N/A       9%          3
 Ensorcelled Hibernation  Hex/Ice        14%        N/A       14%         2
 Slow                     Hex            7%         N/A       14%         2
 Wereblood                Tmut           7%         N/A       14%         2
 Confusing Touch          Hex            7%         N/A       26%         3
 Tukima's Dance           Hex            7%         N/A       26%         3
 Vampiric Draining        Necr           5%         2d6       26%         3
 Iskenderun's Mystic Bla  Conj/Tloc      17%        2d5       9%          4
 Fulminant Prism          Conj/Hex       5%         3d7       17%         4
 Manifold Assault         Tloc           22%        N/A       43%         5
 Lee's Rapid Deconstruct  Erth           3%         3d6*      50%         5


Dungeon Overview and Level Annotations

Branches:
Dungeon (11/15)            Temple (1/1) D:4            Lair (0/6) D:8
    Orc (0/2) D:9         Ossuary (visited)

Altars:
Ashenzari
Cheibriados
Dithmenos
Elyvilon
Fedhas
Gozag
Hepliaklqana
Kikubaaqudgha
Makhleb
Nemelex Xobeh
Okawaru
Qazlal
Ru
Sif Muna
Trog
Uskayaw
Vehumet
Wu Jian
Xom
Yredelemnul
Zin
The Shining One


Innate Abilities, Weirdness & Mutations

You have a beak for a mouth.
You have claws for feet.
Your magical nature lets you fly swiftly and evasively.


Message History

Casting: Airstrike (safe; 1% risk of failure)
Confirm with . or Enter, or press ? or * to list all spells.
You can't see any susceptible monsters within range! (Use Z to cast anyway.) Unknown command.
Unknown command.
Casting: Airstrike (safe; 1% risk of failure)
Confirm with . or Enter, or press ? or * to list all spells.
You blink.
Unknown command.
Casting: Blink (safe; 2% risk of failure)
Confirm with . or Enter, or press ? or * to list all spells.
You begin to radiate toxic energy.
Unknown command.
The ice dragon breathes frost at you. The blast of cold misses you.
Your toxic aura wanes.
The ice dragon breathes frost at you. The blast of cold hits you!!
Casting: Olgreb's Toxic Radiance (dangerous; 2% risk of failure)
Confirm with . or Enter, or press ? or * to list all spells.
You blink.
Unknown command.
Aiming: Throw Flame
Press: ? - help, Shift-Dir - straight line Unknown command.
Aiming: Throw Flame
Press: ? - help, Shift-Dir - straight line, f - ice dragon
Aim: an ice dragon (water, 79% to hit)
Unknown command.
Aiming: Throw Flame
Press: ? - help, Shift-Dir - straight line, f/p - ice dragon
Aim: an ice dragon (steam, water, lightly wounded, 79% to hit)
Unknown command.
Casting: Blink (safe; 2% risk of failure)
Confirm with . or Enter, or press ? or * to list all spells.
You blink.
The ice dragon breathes frost at you. The blast of cold hits you!!!
Ouch! That really hurt!
You die...

.#.#.#.###≈≈≈≈≈≈≈≈≈#
#≈≈≈≈≈≈≈≈≈
.#.#.#.##≈≈≈≈D#≈≈≈≈#
##≈≈≈≈≈≈≈≈≈
.......##≈≈≈°## .≈≈#
##≈≈≈≈≈≈###≈
.......##≈≈°°#
?####≈≈≈≈#### ##
.......#≈≈≈§##
###≈≈≈###
##.###.#≈≈≈≈###
####≈≈≈##
#.###.#≈≈≈≈≈≈###§≈≈≈≈≈#
##
#.....#≈≈≈≈≈≈§D§≈≈≈≈≈##
###≈
########≈≈≈≈≈≈≈@≈≈≈≈≈#
####≈≈≈ #≈≈≈≈≈≈≈≈≈≈≈≈##
#≈≈≈≈≈≈ ##≈≈≈≈≈≈≈≈≈###
#≈≈≈### ###.≈≈≈####
#≈≈#### ###### ##≈##[#
##≈≈## ####


You could see an ice dragon (catching breath).

Vanquished Creatures
  A frost giant (D:10)
  A two-headed ogre (D:9)
  Maurice (D:8)
  An ice statue (D:10)
  A komodo dragon (D:7)
  A troll (D:9)
  Sigmund (D:5)
  A wraith (D:9)
  A vampire (D:9)
  A wyvern (D:9)
  9 yaks
  A steam dragon (D:8)
  An acid dragon (D:10)
  2 water moccasins
  Duvessa (D:6)
  5 orc warriors
  2 black bears (D:5)
  2 necrophages
  16 ice beasts
  An ogre (D:5)
  3 centaurs
  A rime drake zombie (D:10)
  A phantom (D:4)
  2 kobold brigands
  4 bullfrogs
  A gnoll sergeant (D:4)
  4 scorpions
  7 water moccasin zombies (Ossuary)
  10 killer bees
  12 wights
  Dowan (D:6)
  8 electric eels (D:10)
  A bullfrog zombie (D:4)
  4 centaur zombies
  A jelly (D:4)
  3 bullfrog skeletons
  9 orc priests
  5 hounds
  A centaur skeleton (D:5)
  Jessica (D:2)
  3 iguanas
  18 orc wizards
  A scorpion zombie (D:5)
  A killer bee zombie (D:7)
  A hound zombie (D:5)
  2 mummies (Ossuary)
  A hound skeleton (D:5)
  6 gnolls
  6 adders
  A white imp (D:7)
  2 adder zombies (Ossuary)
  3 worms
  2 dart slugs
  37 orcs
  2 bats
  7 endoplasms
  5 giant cockroaches
  4 gnoll zombies (Ossuary)
  2 goblins (D:1)
  10 hobgoblins
  3 jackals (D:2)
  19 kobolds
  5 quokkas
  6 ball pythons
  3 frilled lizards
  7 hobgoblin zombies (Ossuary)
  7 orc zombies (Ossuary)
  4 rats
297 creatures vanquished.

Vanquished Creatures (collateral kills)
  An adder (D:5)
1 creature vanquished.

Vanquished Creatures (others)
  7 fungi (D:8)
  13 plants (D:8)
20 creatures vanquished.

Grand Total: 318 creatures vanquished

Notes
Turn   | Place    | Note
-------+----------+-------------------------------------------
     0 | D:1      | quinnr the Tengu Air Elementalist began the quest for the
                  | Orb.
     0 | D:1      | Reached XP level 1. HP: 10/10 MP: 4/4
   283 | D:1      | Reached XP level 2. HP: 15/15 MP: 0/6
   638 | D:1      | Reached skill level 5 in Air Magic
  1009 | D:1      | HP: 1/15 [frozen (4)]
  1384 | D:1      | Reached XP level 3. HP: 19/19 MP: 4/7
  1680 | D:2      | Reached skill level 6 in Air Magic
  1969 | D:2      | Reached XP level 4. HP: 24/24 MP: 6/8
  2017 | D:2      | Noticed Jessica
  2031 | D:2      | Killed Jessica
  2218 | D:2      | Learned a level 4 spell: Airstrike
  2231 | D:2      | Reached skill level 7 in Air Magic
  2286 | D:2      | Gained mutation: Your magical nature lets you fly swiftly
                  | and evasively. [Tengu growth]
  2286 | D:2      | Reached XP level 5. HP: 18/28 MP: 4/9
  3166 | D:3      | Reached skill level 8 in Air Magic
  3525 | D:3      | Reached XP level 6. HP: 32/32 MP: 0/10
  3613 | D:3      | Noticed a necrophage
  3661 | D:3      | Killed a necrophage
  4224 | D:3      | Reached skill level 9 in Air Magic
  4714 | D:3      | Reached XP level 7. HP: 36/36 MP: 9/12
  4943 | D:4      | Reached skill level 10 in Air Magic
  5003 | D:4      | Found a staircase to the Ecumenical Temple.
  5030 | Temple   | Entered the Ecumenical Temple
  5129 | Temple   | Became a worshipper of Vehumet
  5680 | D:4      | Reached skill level 1 in Shields
  6085 | D:4      | Reached skill level 11 in Air Magic
  6211 | D:4      | Reached XP level 8. HP: 41/41 MP: 10/13
  6671 | D:4      | Reached * piety under Vehumet
  6671 | D:4      | Offered knowledge of Magic Dart by Vehumet.
  6853 | D:5      | Entered Level 5 of the Dungeon
  7011 | D:5      | Found a sand-covered staircase.
  7017 | Ossuary  | Entered an ossuary
  7077 | Ossuary  | Learned a level 2 spell: Blink
  7442 | Ossuary  | Reached skill level 1 in Translocations
  7442 | Ossuary  | Reached skill level 12 in Air Magic
  8048 | D:5      | Offered knowledge of Searing Ray by Vehumet.
  8154 | D:5      | Reached ** piety under Vehumet
  8880 | D:5      | Reached XP level 9. HP: 45/45 MP: 6/14
  9302 | D:5      | Reached skill level 13 in Air Magic
  9491 | D:5      | Noticed Sigmund
  9495 | D:5      | Killed Sigmund
  9666 | D:5      | Found a blossoming altar of Fedhas.
 10570 | D:6      | Noticed Dowan
 10572 | D:6      | Killed Dowan
 10821 | D:6      | Noticed Duvessa
 10826 | D:6      | Killed Duvessa
 11134 | D:7      | Reached skill level 14 in Air Magic
 11341 | D:6      | HP: 4/45 [poisoned by a killer bee]
 11973 | D:7      | Offered knowledge of Mephitic Cloud by Vehumet.
 11982 | D:7      | Reached XP level 10. HP: 50/50 MP: 1/15
 11989 | D:7      | Reached skill level 15 in Air Magic
 12283 | D:7      | Learned a level 3 spell: Mephitic Cloud
 12698 | D:7      | Reached *** piety under Vehumet
 13860 | D:8      | Noticed Maurice
 13904 | D:8      | Killed Maurice
 13905 | D:8      | Reached skill level 16 in Air Magic
 14293 | D:7      | Learned a level 7 spell: Storm Form
 14749 | D:8      | Reached skill level 5 in Spellcasting
 14870 | D:8      | Offered knowledge of Frozen Ramparts by Vehumet.
 15044 | D:8      | Reached skill level 1 in Evocations
 15129 | D:8      | Learned a level 2 spell: Poisonous Vapours
 15138 | D:8      | Found a staircase to the Lair.
 15346 | D:9      | Noticed a two-headed ogre
 15359 | D:9      | Killed a two-headed ogre
 15360 | D:9      | Reached skill level 1 in Poison Magic
 15675 | D:9      | Reached XP level 11. HP: 36/54 MP: 1/20
 15793 | D:9      | Found a staircase to the Orcish Mines.
 15794 | D:9      | quinnr: ??vehumet
 15794 | D:9      | beem: vehumet[1/2]: The god of destructive magic. Offers
                  | you the opportunity to memorize up to 15 different
                  | destructive spells over the course of the game, beginning
                  | with a L1 spell at * piety and loosely weighted by
                  | elemental skills. Provides mana on kills at * piety,
                  | {wizardry} bonus for destructive spells at *** piety, and
                  | extra range at **** piety.
 15794 | D:9      | quinnr: ??vehumet[2
 15794 | D:9      | beem: vehumet[2/2]: At *** piety, Vehumet reduces spell
                  | failure for: any Conjuration, Airstrike, Ignite Poison,
                  | Ozocubu's Refrigeration, Sandblast, LRD, Shatter, Tornado,
                  | Freeze, OTR, Inner Flame. The change in success chance is
                  | like wearing 2 sources of {wizardry}, but isn't considered
                  | wizardry for stacking purposes.
 16106 | D:8      | quinnr: ??quicksilver dragon scales
 16106 | D:8      | beem: quicksilver dragon scales[1/1]: 9AC, 7ER, Will+,
                  | cannot be enchanted. Sometimes drops from quicksilver
                  | dragons. Quicksilver dragon scales are always +0, even as
                  | an artifact.
 16107 | D:8      | quinnr: ??ER
 16107 | D:8      | beem: encumbrance rating[1/2]: A number representing how
                  | much armour hampers your spellcasting, dodging, and melee
                  | accuracy.
 16107 | D:8      | quinnr: ??ER[2
 16107 | D:8      | beem: aevp[1/2]: Adjusted body armour evasion penalty.
                  | Affects spell success, melee and missile accuracy. Its
                  | value is [(2/5) * er^2 / (str+3)] * [45 - armour_skill]/45.
 17100 | D:9      | Found a shadowy altar of Dithmenos.
 17171 | D:10     | Entered Level 10 of the Dungeon
 18036 | D:10     | Reached **** piety under Vehumet
 18202 | D:10     | Reached skill level 5 in Dodging
 18342 | D:10     | Offered knowledge of Bolt of Magma by Vehumet.
 19476 | D:10     | Learned a level 4 spell: Olgreb's Toxic Radiance
 20288 | D:10     | Noticed a frost giant
 20315 | D:10     | Killed a frost giant
 20316 | D:10     | Reached skill level 5 in Poison Magic
 20639 | D:10     | Noticed an ice dragon
 20652 | D:10     | Killed from afar by an ice dragon

Illustrated notes

Levels and vault maps discovered:
D:1:      minmay_arrival_five_plusses, layout_loops_ring
D:2:      layout_basic, minmay_cupped, uniq_jessica
D:3:      layout_loops_corners
D:4:      minmay_chambers_of_threes, layout_rooms,
          minmay_temple_entry_statues_fountains, kennysheep_dice
D:5:      layout_layer_cave, nicolae_ossuary_entry_monument,
          minmay_ruined_shrine, uniq_sigmund
D:6:      layout_cave_pods, uniq_duvessa
D:7:      layout_basic
D:8:      layout_rooms, grunt_lair_entry_orc_guard_hut, uniq_maurice
D:9:      layout_loops_ring, mainiacjoe_overflow_six_doors_small, orc_0_dummy
D:10:     minmay_twisted_water, layout_basic
D:11:     layout_loops_ring, ebering_ghost_rock_garden, nicolae_zen_rock_garden,
          lightli_minifort, uniq_fannar, uniq_harold, uniq_josephine, uniq_urug
Temple:   roderic_octagonal_lattice_temple

Skill      XL: |  1  2  3  4  5  6  7  8  9 10 11 |
---------------+----------------------------------+-----
Air Magic      | 5 6 7 8 9 11 12 14 16 | 16.3
Spellcasting   | 3 5 8 |  8.0
Shields        | 2 4 |  4.0
Translocations | 2 4 |  4.0
Dodging        | 3 5 |  5.0
Evocations     | 2 4 |  4.0
Poison Magic   | 1 5 |  5.4
Stealth        | |  2.0
Conjurations   | |  1.3

Action                   |  1- 3 |  4- 6 |  7- 9 | 10-12 || total
-------------------------+-------+-------+-------+-------++-------
Melee: Unarmed           |     5 |       |       |       ||     5
       Dagger            |    15 |    13 |       |       ||    28
       Kick              |     5 |     1 |    16 |     6 ||    28
       Peck              |     4 |     3 |     9 |     4 ||    20
       Rapier            |       |       |    14 |       ||    14
       Quarterstaff      |       |       |     2 |       ||     2
       Short sword       |       |       |    34 |       ||    34
       Staff             |       |       |    18 |    36 ||    54
 Cast: Shock             |    73 |    81 |   136 |   107 ||   397
       Airstrike         |       |     6 |    94 |   171 ||   271
       Blink             |       |       |     1 |    12 ||    13
       Mephitic Cloud    |       |       |       |    17 ||    17
       Poisonous Vapours |       |       |       |    27 ||    27
       Olgreb's Toxic Ra |       |       |       |     1 ||     1
Evoke: Wand              |       |       |     5 |    16 ||    21
  Use: Scroll            |       |       |     8 |     8 ||    16
       Potion            |       |       |       |     4 ||     4
Armor: Robe              |     2 |     2 |     7 |    17 ||    28
Dodge: Dodged            |    21 |    16 |    61 |    50 ||   148
Block: Other             |     2 |     4 |     9 |       ||    15
       Buckler           |       |       |    42 |    62 ||   104
       Reflection        |       |       |     2 |     4 ||     6

Table legend: (Time is in decaauts)
 A = Elapsed time spent in this place.
 B = Non-inter-level travel time spent in this place.
 C = Inter-level travel time spent in this place.
 D = Time resting spent in this place.
 E = Time spent auto-exploring this place.
 F = Levels seen in this place.
 G = Mean time per level.
                   A        B        C        D        E       F      G
               +--------+--------+--------+--------+--------+-----+--------+
         Total |  19909 |  19137 |    772 |   4255 |  12430 |  13 | 1531.5 |
       Dungeon |  18813 |  18054 |    759 |   4114 |  11655 |  11 | 1710.3 |
        Temple |    276 |    263 |     13 |      0 |    258 |   1 |  276.0 |
       Ossuary |    818 |    818 |      0 |    141 |    516 |   1 |  818.0 |
               +--------+--------+--------+--------+--------+-----+--------+

Top non-repeatable levels by time:
    D:10: 2702 daAuts
     D:7: 2536 daAuts
     D:9: 1965 daAuts
     D:6: 1898 daAuts
     D:5: 1889 daAuts
     D:3: 1703 daAuts
     D:4: 1639 daAuts
     D:1: 1591 daAuts
     D:2: 1552 daAuts
     D:8: 1285 daAuts
 Ossuary: 818 daAuts
  Temple: 276 daAuts
    D:11: 50 daAuts
